 Dungeon Crawl Stone Soup version 0.27.1-1-g398f81649c (webtiles) character file.

Game seed: 9142579171422215370

175308 szrap the Slicer (level 18, -2/99 HPs)
             Began as a Vine Stalker Fighter on Sept 16, 2021.
             Was a Believer of Uskayaw.
             Slain by a naga warrior (12 damage)
             ... on level 4 of the Snake Pit on Sept 17, 2021.
             The game lasted 01:15:49 (26048 turns).

szrap the Slicer (Vine Stalker Fighter)            Turns: 26048, Time: 01:15:50

Health: -2/99      AC: 31    Str: 32    XL:     18   Next: 9%
Magic:  0/34       EV: 15    Int:  8    God:    Uskayaw [**....]
Gold:   2131       SH: 16    Dex: 16    Spells: 40/40 levels left

rFire    . . .     SeeInvis +   w - +6 short sword "Vubb" {vorpal, rN+ Str+7}
rCold    . . .     Faith    .   c - +2 kite shield {rPois}
rNeg     + . .     Spirit   +   N - +0 crystal plate armour
rPois    +         Reflect  .   G - +2 hat
rElec    .         Harm     .   W - +1 cloak of Starlight {*Dazzle EV+4 Stlth--}
rCorr    .         Rampage  .   o - +2 pair of gloves
Will     ++...                  f - +2 pair of boots
Stlth    ..........             q - amulet of magic regeneration
HPRegen  1.26/turn              D - ring of see invisible
MPRegen  0.49/turn              v - +4 ring of evasion

@: lethally poisoned (-2 -> -9), hasted, constricted, very quick
A: fangs 3, regeneration 1, magic shield, antimagic bite, no potion heal 2,
subdued magic 1
a: Renounce Religion, Stomp, Line Pass


You were on level 4 of the Snake Pit.
You worshipped Uskayaw.
Uskayaw was aware of your devotion.
You visited 5 branches of the dungeon, and saw 28 of its levels.
You also visited: Sewer and Ossuary.

You collected 2131 gold pieces.

Inventory:

Hand Weapons
 w - the +6 short sword "Vubb" (weapon) {vorpal, rN+ Str+7}
   (You acquired it on level 9 of the Dungeon)

   It inflicts extra damage upon your enemies.
   Str:       It affects your strength (+7).
   rN:        It protects you from negative energy.
Missiles
 a - 3 throwing nets (quivered)
Armour
 c - a +2 kite shield of poison resistance (worn)
 f - a +2 pair of boots (worn)
 o - a +2 pair of gloves (worn)
 C - a +0 plate armour
 G - a +2 hat (worn)
 N - a +0 crystal plate armour (worn)
 P - a +3 chain mail of poison resistance
 T - a +1 tower shield
 U - +0 ice dragon scales
 W - the +1 cloak of Starlight (worn) {*Dazzle EV+4 Stlth--}
   (You found it on level 3 of the Snake Pit)

   It may blind those who miss an attack against the wearer in melee combat.
   EV:        It affects your evasion (+4).
   Stlth:     It makes you much less stealthy.
Jewellery
 q - an amulet of magic regeneration (around neck)
 t - a ring of flight
 v - a +4 ring of evasion (right hand)
 D - a ring of see invisible (left hand)
 S - a +4 ring of protection
Wands
 p - a wand of charming (25)
 s - a wand of iceblast (16)
 y - a wand of polymorph (18)
 B - a wand of acid (15)
 J - a wand of mindburst (12)
 L - a wand of flame (44)
Scrolls
 b - 4 scrolls of fear
 d - 10 scrolls of identify
 i - 16 scrolls of teleportation
 l - 4 scrolls of immolation
 n - 3 scrolls of summoning
 A - 3 scrolls of brand weapon
 E - 4 scrolls of enchant weapon
 H - a scroll of silence
 I - 2 scrolls of amnesia
 O - 2 scrolls of blinking
 Q - 3 scrolls of magic mapping
 V - 2 scrolls of holy word
 X - a scroll of enchant armour
Potions
 e - 6 potions of curing
 g - a potion of mutation
 h - 3 potions of brilliance
 j - 2 potions of magic
 k - 4 potions of ambrosia
 m - 7 potions of lignification
 r - a potion of haste
 u - a potion of cancellation
 x - 5 potions of attraction
 z - 4 potions of berserk rage
 F - 3 potions of resistance
 K - a potion of might
 M - 2 potions of invisibility
 R - a potion of flight {unknown}


   Skills:
 * Level 12.6 Fighting
 - Level 13.6 Short Blades
 + Level 10.0 Armour
 * Level 9.8 Dodging
 + Level 12.6 Shields
 * Level 11.5 Spellcasting
 * Level 9.8 Invocations


You had 40 spell levels left.
You didn't know any spells.
Your spell library contained the following spells:

 Spells                   Type           Power      Damage    Failure   Level
 Sandblast                Erth           6%         2d5       98%         1
 Summon Small Mammal      Summ           12%        N/A       98%         1
 Corpse Rot               Necr/Air       N/A        N/A       99%         2
 Ensorcelled Hibernation  Hex/Ice        6%         N/A       99%         2
 Passwall                 Tmut/Erth      2%         N/A       99%         2
 Poisonous Vapours        Pois/Air       6%         N/A       99%         2
 Sublimation of Blood     Necr           1%         N/A       99%         2
 Wereblood                Tmut           3%         N/A       99%         2
 Call Canine Familiar     Summ           3%         N/A       100%        3
 Spider Form              Tmut/Pois      1%         N/A       100%        3
 Summon Guardian Golem    Hex/Summ       3%         N/A       100%        3
 Freezing Cloud           Conj/Ice/Air   1%         6-21      100%        5
 Lee's Rapid Deconstruct  Erth           1%         3d5*      100%        5
 Shadow Creatures         Summ           N/A        N/A       100%        6
 Summon Hydra             Summ           1%         N/A       100%        7


Dungeon Overview and Level Annotations

Branches:
Dungeon (15/15)            Temple (1/1) D:6            Lair (6/6) D:11
  Swamp (0/4) Lair:4        Snake (4/4) Lair:4        Slime (0/5) Lair:5
    Orc (2/2) D:10            Elf (0/3) Orc:2        Vaults (0/5) D:14
 Depths (0/5) D:15          Sewer (visited)         Ossuary (visited)

Altars:
Ashenzari
Cheibriados
Dithmenos
Elyvilon
Fedhas
Gozag
Hepliaklqana
Kikubaaqudgha
Makhleb
Nemelex Xobeh
Okawaru
Qazlal
Ru
Sif Muna
Trog
Uskayaw
Vehumet
Wu Jian
Xom
Yredelemnul
Zin
The Shining One
Beogh
Jiyva

Shops:
D:11 *   Orc:1 *   Orc:2 !*((

Annotations:
D:4 2 transporters, scisormetimb3rs's ghost, amateur GrFi
Lair:4 2 transporters, exclusion: ice statue, Kyusiynim's ghost, journeyman GnEn
Lair:5 1 runed translucent door
Snake:1 2 transporters
Orc:1 3 runed translucent doors, ggurman's ghost, journeyman MiFi


Innate Abilities, Weirdness & Mutations

You have razor-sharp teeth.
Your natural rate of healing is unusually fast.
When hurt, damage is shared between your health and your magic reserves.
Your bite disrupts and absorbs the magic of your enemies.
Potions cannot restore your health.
Your spells are a little easier to cast, but a little less powerful.


Message History

The black mamba barely misses you.
The black mamba bites you but does no damage.
The naga sharpshooter shoots a bolt.
The bolt hits you but does no damage.
You hit the nagaraja. You bite the nagaraja!
The nagaraja's magic leaks into the air.
You drain its magic.
You feel invigorated.
The nagaraja is severely wounded.
You feel very sick. You block the black mamba's attack.
The nagaraja spits poison at you.
The splash of poison hits you but does no damage.
You resist.
The black mamba bites you but does no damage.
You block the black mamba's attack.
The naga warrior hits you with a +0 flail!!
The naga warrior constricts you.
The naga warrior hits you with a +0 glaive.
* * * LOW HITPOINT WARNING * * *
You hit the nagaraja but do no damage. You bite the nagaraja.
The nagaraja's magic leaks into the air.
You drain its magic.
You feel invigorated.
The nagaraja is severely wounded.
You feel very sick.
The black mamba bites you but does no damage.
The naga warrior hits you with a +0 short sword!!
* * * LOW HITPOINT WARNING * * *
The nagaraja barely misses you. You block the black mamba's attack.
The naga sharpshooter casts a spell.
The naga sharpshooter magically shoots a bolt.
The bolt hits you but does no damage.
The black mamba bites you but does no damage.
You feel yourself speed up.
* * * LOW HITPOINT WARNING * * *
You feel very sick.
The naga warrior no longer looks unusually strong.
You block the black mamba's attack. x2
The black mamba bites you but does no damage.
The nagaraja hits you but does no damage.
The naga warrior hits you with a +0 flail!!
You die...

...)...###.##############
....)..# #.# #.....###
###.#### #.# #.......#
#.# #.# #.....### #†# #.#
#.....# #.#
#.########.##### #.#
#.#............# #.#
#.###.NNN....### #.# #.#
#.N@S....# #.# #.#
#.SSN....# #.# #.#
#..S.....# #.# #.#
#...N....# #.# #.#
#####..### #.# #.# #..#
#.### #.#######..### ####
## #...# #............##
#.(###. ###.#
######...###N.# ##...#.


You could see 3 naga warriors, a nagaraja (fast, strong, catching breath), a
naga sharpshooter (strong), a guardian serpent, 3 black mambas and a naga mage
(fast, strong).

Vanquished Creatures
  Nikola (Lair:4)
  Gastronok (Lair:3)
  Agnes (D:15)
  The ghost of Misitrad the Severer, a journeyman DDFi of Makhleb (Snake:3)
  Louise (D:14)
  An emperor scorpion (D:15)
  Azrael (Snake:1)
  A dire elephant (D:15)
  A salamander tyrant (Snake:3)
  4 vault guards (D:14)
  A boulder beetle (D:12)
  11 hydras
  2 ice dragons
  8 naga warriors
  6 catoblepae
  A death knight (D:12)
  7 anacondas
  An ogre mage (D:15)
  8 centaur warriors
  12 death yaks
  9 two-headed ogres
  5 orc high priests
  4 shock serpents
  Urug (Lair:5)
  7 tengu warriors
  3 naga sharpshooters
  A deep troll earth mage (D:12)
  Sonja (D:11)
  4 skeletal warriors (D:14)
  2 salamander mystics (Snake:3)
  A goliath frog (Lair:6)
  7 orc knights
  Pikel (D:4)
  2 naga ritualists (Snake:4)
  A lindwurm (Lair:6)
  A wizard (D:15)
  3 mana vipers
  21 ugly things
  2 deep elf pyromancers
  2 orc sorcerers (Orc:1)
  10 manticores
  11 salamanders
  2 cyclopes
  11 elephants
  2 guardian serpents (Snake:3)
  22 black mambas
  An ice statue (Lair:6)
  4 gargoyles
  12 naga magi
  An unseen horror (D:12)
  3 rime drakes
  2 cane toads (shapeshifter)
  30 cane toads
  4 kobold demonologists
  A tengu conjurer (D:14)
  An efreet (D:14)
  2 ice devils (Lair:4)
  17 komodo dragons
  A freezing wraith (D:14)
  5 polar bears
  10 trolls
  5 tyrant leeches
  12 blink frogs
  4 slime creatures
  7 dream sheep (Lair:5)
  3 shadows
  10 wyverns
  2 vampires
  A centaur simulacrum (D:15)
  4 wraiths
  3 fire elementals (Snake:1)
  73 yaks
  7 basilisks
  A basilisk (shapeshifter) (D:10)
  2 steam dragons
  A human (shapeshifter) (D:15)
  5 vampire mosquitoes (Lair:6)
  3 wargs
  32 nagas
  An acid dragon (D:12)
  A swamp worm (Lair:4)
  3 hell hounds (Snake:1)
  14 water moccasins
  A swamp drake (D:11)
  A sky beast (D:6)
  6 ogres
  9 ice beasts
  23 orc warriors
  A sky beast (shapeshifter) (D:15)
  A black bear (D:8)
  2 necrophages
  13 centaurs
  22 wolves
  2 phantoms
  3 lemures (D:4)
  Blork the orc (D:6)
  3 kobold brigands
  21 bullfrogs
  2 gnoll sergeants
  A wyvern zombie (D:3)
  8 scorpions (Ossuary)
  A water moccasin zombie (D:5)
  A water moccasin skeleton (D:7)
  5 killer bees
  6 wights
  4 electric eels
  A bullfrog zombie (D:4)
  9 centaur zombies
  5 human zombies
  A centaur skeleton (D:6)
  6 hounds
  3 jellies
  18 orc priests
  2 bullfrog skeletons
  4 iguanas
  11 orc wizards
  7 scorpion zombies
  A killer bee zombie (D:8)
  8 ogre zombies (D:10)
  A hound zombie (D:4)
  4 mummies
  2 howler monkey skeletons
  9 gnolls
  9 adders
  3 white imps
  A worm (D:3)
  58 orcs
  7 bats
  5 endoplasms
  11 giant cockroaches
  2 goblins
  6 hobgoblins
  4 jackals (D:4)
  18 kobolds
  7 quokkas
  10 ball pythons
  6 frilled lizards (Sewer)
  2 gnoll zombies (Ossuary)
  A goblin skeleton (D:10)
  4 goblin zombies
  A hobgoblin skeleton (D:10)
  5 hobgoblin zombies (D:10)
  4 orc skeletons (D:10)
  14 orc zombies
  2 quokka zombies (D:4)
  A butterfly (Lair:2)
904 creatures vanquished.

Vanquished Creatures (others)
  2 centaur simulacra (D:13)
  A naga (Snake:1)
  A floating eye (shapeshifter) (D:13)
  38 fungi
  96 plants
138 creatures vanquished.

Grand Total: 1042 creatures vanquished

Notes
Turn   | Place    | Note
-------+----------+-------------------------------------------
     0 | D:1      | szrap the Vine Stalker Fighter began the quest for the Orb.
     0 | D:1      | Reached XP level 1. HP: 11/11 MP: 2/2
   368 | D:1      | Found a faded altar of an unknown god.
   392 | D:1      | Reached XP level 2. HP: 14/16 MP: 3/3
   477 | D:1      | Reached skill level 2 in Short Blades
   874 | D:2      | Reached XP level 3. HP: 15/19 MP: 3/5
  1249 | D:2      | Reached skill level 1 in Dodging
  1496 | D:3      | Reached skill level 1 in Spellcasting
  1551 | D:3      | Gained mutation: Your natural rate of healing is unusually
                  | fast. [Vine Stalker growth]
  1551 | D:3      | Reached XP level 4. HP: 23/23 MP: 6/6
  1618 | D:3      | Found a glowing drain.
  1643 | Sewer    | Entered a sewer
  1935 | Sewer    | Noticed a bullfrog
  1948 | Sewer    | Killed a bullfrog
  1949 | Sewer    | Reached skill level 3 in Short Blades
  1949 | Sewer    | Reached XP level 5. HP: 28/28 MP: 5/8
  1960 | Sewer    | Reached XP level 6. HP: 30/32 MP: 9/9
  2142 | D:3      | Found a glowing golden altar of the Shining One.
  2280 | D:3      | Found an iron altar of Okawaru.
  2328 | D:3      | Reached skill level 4 in Short Blades
  2687 | D:4      | Noticed scisormetimb3rs's ghost (amateur GrFi)
  2690 | D:4      | Found a transporter.
  2693 | D:4      | Found a transporter.
  2755 | D:4      | Noticed a necrophage
  2772 | D:4      | Killed a necrophage
  2773 | D:4      | Reached XP level 7. HP: 32/36 MP: 11/11
  2777 | D:4      | Found an ancient bone altar of Kikubaaqudgha.
  2890 | D:4      | Reached skill level 5 in Short Blades
  2937 | D:4      | Found a sacrificial altar of Ru.
  3011 | D:4      | Noticed Pikel
  3031 | D:4      | Killed Pikel
  3032 | D:4      | Reached skill level 6 in Short Blades
  3032 | D:4      | Gained mutation: You have razor-sharp teeth. [Vine Stalker
                  | growth]
  3032 | D:4      | Reached XP level 8. HP: 36/42 MP: 10/13
  3599 | D:5      | Entered Level 5 of the Dungeon
  3969 | D:5      | Reached XP level 9. HP: 33/45 MP: 10/15
  4114 | D:5      | Found a snail-covered altar of Cheibriados.
  4463 | D:6      | Found a radiant altar of Vehumet.
  4662 | D:6      | Found a staircase to the Ecumenical Temple.
  4677 | Temple   | Entered the Ecumenical Temple
  5224 | D:6      | Noticed Blork the orc
  5242 | D:6      | Killed Blork the orc
  5243 | D:6      | Reached skill level 7 in Short Blades
  5618 | D:7      | Noticed a troll
  5768 | D:7      | Reached skill level 8 in Short Blades
  5810 | D:7      | Found a hide-covered altar of Uskayaw.
  5810 | D:7      | Identified the +1 scale mail of an ice cave {Int+3 Dex+3}
  5832 | D:7      | Became a worshipper of Uskayaw the Reveller
  5848 | D:7      | Reached * piety under Uskayaw
  5865 | D:7      | Reached ** piety under Uskayaw
  5867 | D:7      | Reached *** piety under Uskayaw
  5868 | D:7      | Killed a troll
  5869 | D:7      | Reached skill level 5 in Fighting
  5869 | D:7      | Reached XP level 10. HP: 51/51 MP: 17/17
  6242 | D:8      | Reached skill level 5 in Shields
  6290 | D:8      | Found a sand-covered staircase.
  6298 | Ossuary  | Entered an ossuary
  6379 | Ossuary  | Reached **** piety under Uskayaw
  6393 | Ossuary  | Reached ***** piety under Uskayaw
  6395 | Ossuary  | Reached skill level 5 in Armour
  6408 | Ossuary  | Reached ****** piety under Uskayaw
  6551 | Ossuary  | Reached skill level 5 in Spellcasting
  6560 | Ossuary  | Reached skill level 9 in Short Blades
  6655 | D:8      | Found a shimmering altar of Xom.
  6776 | D:8      | Found a shimmering blue altar of Sif Muna.
  7304 | D:9      | Identified a scroll of acquirement
  7304 | D:9      | Acquired the +6 short sword "Vubb" {vorpal, rN+ Str+7}
  7429 | D:9      | Found a stormy altar of Qazlal.
  7517 | D:9      | Noticed a two-headed ogre
  7525 | D:9      | Killed a two-headed ogre
  7558 | D:9      | Reached XP level 11. HP: 47/56 MP: 17/20
  7719 | D:9      | Reached skill level 10 in Short Blades
  7786 | D:10     | Entered Level 10 of the Dungeon
  7786 | D:10     | Found a staircase to the Orcish Mines.
  7885 | D:10     | Noticed an orb spider
  7887 | D:10     | an orb spider changed into a golden eye
  8170 | D:10     | Reached skill level 5 in Dodging
  8189 | D:10     | Reached skill level 1 in Invocations
  8859 | D:11     | Found Fufea's Assorted Antiques.
  8876 | D:11     | Noticed a manticore
  8886 | D:11     | Killed a manticore
  8922 | D:11     | You fall into a shaft and drop 1 floor!
  8942 | D:12     | Noticed a two-headed ogre
  8953 | D:12     | Killed a two-headed ogre
  9043 | D:11     | Noticed a two-headed ogre
  9053 | D:11     | Killed a two-headed ogre
  9299 | D:11     | Noticed Sonja
  9316 | D:11     | Killed Sonja
  9487 | D:11     | Reached XP level 12. HP: 54/62 MP: 18/22
  9574 | D:11     | Reached skill level 11 in Short Blades
  9595 | D:11     | Found a staircase to the Lair.
  9804 | Lair:1   | Entered Level 1 of the Lair of Beasts
  9969 | Lair:1   | Noticed an eight-headed hydra
  9969 | Lair:1   | Noticed a four-headed hydra
 10009 | Lair:1   | Killed an eight-headed hydra
 10660 | Lair:1   | Killed a four-headed hydra
 10785 | Lair:2   | Reached XP level 13. HP: 68/68 MP: 25/25
 11020 | Lair:2   | Reached skill level 12 in Short Blades
 11541 | Lair:3   | You fall into a shaft and drop 3 floors!
 11541 | Lair:6   | Entered Level 6 of the Lair of Beasts
 11572 | Lair:6   | HP: 2/68 [blink frog (5)]
 11610 | Lair:6   | Noticed an ice dragon
 11614 | Lair:6   | HP: 1/68 [ice dragon/blast of cold (14)]
 11649 | Lair:4   | Found a staircase to the Snake Pit.
 11726 | Lair:3   | Noticed Gastronok
 11745 | Lair:3   | Killed Gastronok
 11746 | Lair:3   | Reached skill level 5 in Invocations
 12538 | Lair:4   | Noticed Kyusiynim's ghost (journeyman GnEn)
 12547 | Lair:4   | Found a transporter.
 12550 | Lair:4   | Found a transporter.
 12635 | Lair:4   | Found a staircase to the Swamp.
 13178 | Lair:5   | Reached XP level 14. HP: 71/74 MP: 27/27
 13207 | Lair:5   | HP: 3/74 [death yak (5)]
 13610 | Lair:5   | Noticed Urug
 13616 | Lair:5   | Killed Urug
 13932 | Lair:5   | Found a runed translucent door.
 13933 | Lair:5   | Found a viscous altar of Jiyva.
 14268 | Lair:5   | Found a staircase to the Slime Pits.
 14658 | Lair:6   | Reached XP level 15. HP: 80/80 MP: 29/29
 14772 | Lair:6   | Reached skill level 10 in Fighting
 14812 | Lair:6   | Reached skill level 13 in Short Blades
 16181 | Orc:1    | Entered Level 1 of the Orcish Mines
 16226 | Orc:1    | Found Luelyph's General Store.
 16322 | Orc:1    | Found a runed translucent gate.
 16323 | Orc:1    | Found a runed translucent gate.
 16324 | Orc:1    | Found a runed translucent gate.
 16324 | Orc:1    | Noticed ggurman's ghost (journeyman MiFi)
 16363 | Orc:1    | Reached skill level 10 in Shields
 16677 | Orc:2    | Entered Level 2 of the Orcish Mines
 16924 | Orc:2    | Found a staircase to the Elven Halls.
 17693 | Orc:2    | Gained mutation: Your spells are a little easier to cast,
                  | but a little less powerful. [a neqoxec]
 17720 | Orc:2    | Found Hessef's Assorted Antiques.
 17723 | Orc:2    | Found Gouth's Weapon Emporium.
 17724 | Orc:2    | Found Dipafon's Distillery.
 17725 | Orc:2    | Found Pegoaska's Antique Weapon Shoppe.
 18584 | D:12     | Reached skill level 10 in Spellcasting
 18614 | D:12     | Reached XP level 16. HP: 86/86 MP: 31/31
 20100 | D:14     | Found a white marble altar of Elyvilon.
 20266 | D:14     | Found a gate to the Vaults.
 20310 | D:14     | Noticed Louise
 20325 | D:14     | Killed Louise
 20707 | D:15     | Entered Level 15 of the Dungeon
 20895 | D:15     | Identified the +3 scale mail of Noust {rF- rC+ Dex+9}
 20897 | D:15     | Noticed Agnes
 20911 | D:15     | Killed Agnes
 21172 | D:15     | Found a hide-covered altar of Uskayaw.
 21191 | D:15     | Reached XP level 17. HP: 82/92 MP: 28/32
 21528 | D:15     | Found a staircase to the Depths.
 22275 | Snake:1  | Entered Level 1 of the Snake Pit
 22275 | Snake:1  | Noticed Nikola
 22404 | Lair:4   | HP: 3/93 [Nikola/arc of chain lightning (21)]
 22560 | Lair:4   | Killed Nikola
 22853 | Snake:1  | Noticed Azrael
 22879 | Snake:1  | Killed Azrael
 23027 | Snake:1  | Found a transporter.
 23230 | Snake:1  | Found a transporter.
 24628 | Snake:3  | Found a runed translucent door.
 24628 | Snake:3  | Found the +1 cloak of Starlight {*Dazzle EV+4 Stlth--}
 24629 | Snake:3  | Noticed Misitrad's ghost (journeyman DDFi)
 24647 | Snake:3  | Killed Misitrad's ghost
 25063 | Snake:4  | Entered Level 4 of the Snake Pit
 25714 | Snake:4  | Reached skill level 10 in Armour
 25717 | Snake:4  | Reached XP level 18. HP: 98/98 MP: 34/34
 26048 | Snake:4  | Slain by a naga warrior

Illustrated notes

Levels and vault maps discovered:
D:1:      lemuel_arrival_lava_pool, layout_rooms,
          hellmonk_ecumenical_altar_run_dry
D:2:      layout_basic, minmay_stone_trees_medium
D:3:      layout_rooms, okawaru_gym_becter, lemuel_coloured_pillars_altar,
          gup_sewer_entry_pipe
D:4:      layout_basic, lemuel_mausoleum_altar_kikubaaqudgha,
          nicolae_ru_great_annihilating_truth, gammafunk_ghost_arena, uniq_pikel
D:5:      layout_basic, mainiacjoe_overflow_chevrons, supply_closet_lemuel
D:6:      layout_loops_ring, nicolae_vehumet_radiance,
          minmay_temple_entry_purple_smoke, uniq_blork_the_orc
D:7:      layout_rooms, nicolae_uskayaw_suspiria
D:8:      layout_gridville, lemuel_blue_sif_altar, mainiacjoe_overflow_brackets,
          chequers_ossuary_entry_cave, grunt_ministairs_6,
          chequers_serial_rivers_micro_e, minmay_liquid_box
D:9:      layout_basic, nicolae_qazlal_style_of_elements
D:10:     layout_irregular_city, zombieorc2_lemuel, st_stairs_2
D:11:     layout_roguey, erik_lair_dragon, serial_shops, nicolae_square_shop,
          uniq_sonja
D:12:     nzn_winding_woodlands_medium [nzn_winding_woodlands_5x5_checkerboard,
          nzn_winding_woodlands_5x15_eye, nzn_winding_woodlands_5x5_perimeter,
          nzn_winding_woodlands_5x5_cross,
          nzn_winding_woodlands_center_triple_pond,
          nzn_winding_woodlands_hourglass, nzn_winding_woodlands_5x5_three,
          nzn_winding_woodlands_5x15_crooked,
          nzn_winding_woodlands_5x5_open_star], layout_basic, disabler_island
D:13:     layout_irregular_city, chequers_jeans, minivault_12
D:14:     layout_long_grid, lightli_vaults_fourway_checkpoint, elyvilon_altar_5,
          minivault_27, hangedman_abyss_or_decor_passed, uniq_louise
D:15:     hangedman_depths_entry_try_elsewhere_first, layout_basic,
          lemuel_doored_altar, serial_bayou_lagoon_a, uniq_agnes
Temple:   minmay_temple_forest_path
Lair:1:   layout_cave_pods, serial_bayou_shore_b, grunt_megastairs_5,
          lemuel_fruit_tree
Lair:2:   layout_big_grid, grunt_megastairs_1, lemuel_fruit_fields
Lair:3:   layout_hall_layers, uniq_gastronok
Lair:4:   layout_roguey, minmay_swamp_entry_worms, guppyfry_snake_entry_island,
          nzn_ghost_randoct, portal_ice_cave_demonic_guard
Lair:5:   layout_small_grid, slime_altar_2, st_stairs_10, beast_lair_carwin_1,
          grunt_megastairs_2, uniq_urug
Lair:6:   minmay_lair_end_frog_pond, layout_regular_city,
          gauntlet_entry_generic, ice2_lemuel
Snake:1:  gammafunk_its_a_trap, layout_rooms, drop_trap, uniq_azrael,
          uniq_nikola
Snake:2:  layout_onion_interference
Snake:3:  layout_honeycomb, gammafunk_ghost_grave
Snake:4:  snake_pit, layout_rooms
Orc:1:    layout_caves, gammafunk_ghost_split, basic_altar, serial_shops,
          nicolae_square_shop
Orc:2:    st_orc_pillars, layout_caves, basic_altar

Skill      XL: |  1  2  3  4  5  6  7  8  9 10 11 12 13 14 15 16 17 |
---------------+----------------------------------------------------+-----
Short Blades   | 2 3 4 6 8 9 10 11 12 13 | 13.6
Dodging        | 1 2 3 4 5 6 7 8 9 |  9.8
Spellcasting   | 1 2 3 4 5 6 7 8 9 10 11 | 11.5
Shields        | 3 4 5 6 7 8 9 10 11 12 | 12.6
Fighting       | 3 4 5 6 7 8 9 10 11 12 | 12.6
Armour         | 3 4 5 6 7 8 9 10 | 10.0
Invocations    | 2 4 5 6 7 8 9 |  9.8

Action                   |  1- 3 |  4- 6 |  7- 9 | 10-12 | 13-15 | 16-18 || total
-------------------------+-------+-------+-------+-------+-------+-------++-------
Melee: Rapier            |    83 |   144 |   383 |   202 |       |       ||   812
       Bite              |    24 |    48 |   153 |   305 |   593 |   533 ||  1656
       Short sword       |       |       |       |   471 |  1219 |  1011 ||  2701
Invok: Line Pass         |       |       |       |     4 |     1 |       ||     5
       Stomp             |       |       |       |     1 |     5 |       ||     6
Evoke: Wand              |       |       |       |       |    10 |       ||    10
  Use: Scroll            |       |     6 |     8 |    10 |    11 |     6 ||    41
       Potion            |       |       |     1 |       |     2 |     2 ||     5
 Stab: Paralysed         |       |       |     2 |    46 |    86 |    76 ||   210
       Confused          |       |       |       |     1 |       |       ||     1
       Petrified         |       |       |       |       |    12 |       ||    12
       Petrifying        |       |       |       |       |     2 |       ||     2
       Invisible         |       |       |       |       |       |     4 ||     4
Armor: Scale mail        |    13 |       |       |       |       |       ||    13
       Chain mail        |    24 |    98 |   167 |    82 |    78 |       ||   449
       Plate armour      |       |       |       |   139 |   133 |       ||   272
       Crystal plate arm |       |       |       |       |   237 |   298 ||   535
Dodge: Dodged            |    17 |    34 |    81 |   258 |   462 |   308 ||  1160
Block: Kite shield       |    47 |    82 |   160 |   322 |   690 |   452 ||  1753
       Tower shield      |       |       |       |       |       |   195 ||   195
